 Dungeon Sprint DCSS version 0.30-a0-331-g8ab09dc110 (webtiles) character file.

Game seed: 10638880919250186311

2773 howech the Covert (level 9, -13/39 HPs)
             Began as a Spriggan Enchanter on Oct 29, 2022.
             Was a Follower of Uskayaw.
             Mangled by Donald
             ... wielding a +0 war axe of holy wrath
              (28 damage)
             ... in the Dungeon (Sprint III: "The Ten Rune Challenge").
             The game lasted 00:07:01 (838 turns).

howech the Covert (Spriggan Enchanter)               Turns: 838, Time: 00:07:01

Health: -13/39     AC:  2    Str:  4    XL:     9   Next: 42%
Magic:  19/24      EV: 23    Int: 21    God:    Uskayaw [*.....]
Gold:   728        SH:  0    Dex: 15    Spells: 27/29 levels left

rFire   . . .      SeeInvis +    s - +1 dagger (speed)
rCold   . . .      Faith    .    (no shield)
rNeg    . . .      Spirit   .    b - +0 robe
rPois   .          Reflect  .    (helmet restricted)
rElec   .          Harm     .    (no cloak)
rCorr   .          Rampage  .    (gloves unavailable)
Will    +....      NoTele   +    (boots unavailable)
Stlth   ++++++....               (no amulet)
HPRegen 0.26/turn                (no ring)
MPRegen 0.19/turn                (no ring)

@: lethally poisoned (-13 -> -16), slowed, quick
A: very small, no large weapons, unfitting armour, see invisible, speed 3
a: Renounce Religion, Stomp


You were in the Dungeon.
You worshipped Uskayaw.
Uskayaw was noncommittal.
You visited 1 branch You collected 728 gold pieces.

Inventory:

Hand Weapons
 a - a +1 dagger
 s - a +1 dagger of speed (weapon)
Armour
 b - a +0 robe (worn)
Wands
 p - a wand of digging (9)
Scrolls
 i - a scroll of blinking
 j - a scroll of enchant armour {unknown}
 k - a scroll of immolation {unknown}
 l - a scroll of butterflies {unknown}
 n - a scroll of poison {unknown}
 o - a scroll of magic mapping {unknown}
Potions
 c - a potion of invisibility
 d - 2 potions of curing
 f - a potion of haste
 g - 2 potions of magic
 h - 4 potions of mutation {unknown}
 m - 2 potions of flight {unknown}
Miscellaneous
 q - a condenser vane


   Skills:
 + Level 9.2 Short Blades
 + Level 11.3 Dodging
 + Level 14.3 Stealth
 + Level 10.5 Spellcasting
 + Level 11.6 Hexes
 + Level 7.0 Ice Magic
 + Level 4.3 Invocations
 + Level 5.5 Evocations


You had 27 spell levels left.
You knew the following spells:

 Your Spells              Type           Power      Damage    Failure   Level
a - Ensorcelled Hibernat  Hex/Ice        100%       N/A       1%          2

Your spell library contained the following spells:

 Spells                   Type           Power      Damage    Failure   Level
 Confusing Touch          Hex            56%        N/A       1%          3
 Dazzling Flash           Conj/Hex       70%        N/A       1%          3
 Tukima's Dance           Hex            56%        N/A       1%          3
 Apportation              Tloc           22%        N/A       6%          1
 Necrotise                Necr           44%        1d6       6%          1
 Summon Small Mammal      Summ           44%        N/A       6%          1


Dungeon Overview and Level Annotations

Branches:
Dungeon (1/1)

Altars:
Cheibriados
Dithmenos
Elyvilon
Fedhas
Gozag
Hepliaklqana
Kikubaaqudgha
Makhleb
Nemelex Xobeh
Okawaru
Qazlal
Ru
Sif Muna
Trog
Uskayaw
Vehumet
Wu Jian
Xom
Yredelemnul
Zin
The Shining One
Jiyva
Lugonu

Annotations:
D Donald, Frances


Innate Abilities, Weirdness & Mutations

You are very small and have problems with some larger weapons.
You are too small for most types of armour.
You have supernaturally acute eyesight. (SInv)
You cover ground extremely quickly. (Speed+++)


Message History

Confirm with . or Enter, or press ? or * to list all spells.
Aiming: Ensorcelled Hibernation (safe; 1% risk of failure)
Press: ? - help, Shift-Dir - straight line, f - Frances
Aim: Frances, wielding a +1 war axe of holy wrath and quivering curare-tipped darts (fast, chance to affect: 10%) Frances resists with almost no effort.
Frances whispers indecipherable words. x2
The iron shot hits you!!
Ouch! That really hurt!
* * * LOW HITPOINT WARNING * * *
Frances throws a curare-tipped dart.
The curare-tipped dart hits you.
You are lethally poisoned!
You have difficulty breathing.
* * * LOW HITPOINT WARNING * * *
You feel yourself slow down.
Casting: Ensorcelled Hibernation (safe; 1% risk of failure)
Confirm with . or Enter, or press ? or * to list all spells.
Aiming: Ensorcelled Hibernation (safe; 1% risk of failure)
Press: ? - help, Shift-Dir - straight line, f/p - Frances
Aim: Frances, wielding a +1 war axe of holy wrath and quivering curare-tipped darts (fast, chance to affect: 10%)
Okay, then.
You feel much better.
You feel very sick.
Casting: Ensorcelled Hibernation (safe; 1% risk of failure)
Confirm with . or Enter, or press ? or * to list all spells.
Aiming: Ensorcelled Hibernation (safe; 1% risk of failure)
Press: ? - help, Shift-Dir - straight line, f/p - Frances
Aim: Frances, wielding a +1 war axe of holy wrath and quivering curare-tipped darts (fast, chance to affect: 10%) Frances resists with almost no effort.
You feel sick.
Frances hits you with a +1 war axe of holy wrath.
Frances closely misses you.
Casting: Ensorcelled Hibernation (safe; 1% risk of failure)
Confirm with . or Enter, or press ? or * to list all spells.
Aiming: Ensorcelled Hibernation (safe; 1% risk of failure)
Press: ? - help, Shift-Dir - straight line, f/p - Frances
Aim: Frances, wielding a +1 war axe of holy wrath and quivering curare-tipped darts (fast, chance to affect: 10%) Frances resists with almost no effort.
You feel sick. Frances closely misses you.
Donald hits you with a +0 war axe of holy wrath!!
Ouch! That really hurt!
You die...

#$.#
#+#####################
#....#.#.#))...#..^..^+
##.#..#.##.###.#...^†.#
'##.#.#.##.#).##^.....#
#...#..#..##.)'.^...^.#
▓▓▓▓▓▓▓▓▓▓▓▓▓▓#^......#
.f~~~...#....^..#
≈≈≈≈♣♣P.+^@.^...# ♣
♣PP#3@@...†#
♣♣♣##'###### #...+
#...# #...# #####


You could see Frances (fast), Donald (strong, reflecting) and a sun demon
(summoned).

Vanquished Creatures
  Erolcha (D)
  A deep elf pyromancer (D)
  A shadow (D)
  2 redbacks (D)
  A spatial vortex (D)
  5 two-headed ogres (D)
  A necrophage (D)
  A water elemental (D)
  A jelly (D)
  A wizard (D)
  A necromancer (D)
  3 humans (D)
  A kobold demonologist (D)
  A phantom (D)
  An endoplasm (D)
  3 rats (D)
25 creatures vanquished.

Notes
Turn   | Place    | Note
-------+----------+-------------------------------------------
     0 | D        | howech the Spriggan Enchanter began the quest for the Orb.
     0 | D        | Reached XP level 1. HP: 9/9 MP: 5/5
     6 | D        | Reached skill level 5 in Stealth
    60 | D        | Reached XP level 2. HP: 4/13 MP: 7/7
   129 | D        | Reached skill level 7 in Stealth
   129 | D        | Reached skill level 5 in Hexes
   310 | D        | Learned a level 2 spell: Ensorcelled Hibernation
   316 | D        | Noticed a water elemental
   327 | D        | Killed a water elemental
   328 | D        | Reached skill level 8 in Stealth
   328 | D        | Reached skill level 1 in Ice Magic
   328 | D        | Reached XP level 3. HP: 16/16 MP: 8/10
   328 | D        | Reached XP level 4. HP: 21/21 MP: 8/11
   331 | D        | Found a glowing silver altar of Zin.
   331 | D        | Found a glowing golden altar of the Shining One.
   331 | D        | Found a white marble altar of Elyvilon.
   332 | D        | Noticed a deep elf pyromancer
   334 | D        | Killed a deep elf pyromancer
   335 | D        | Reached skill level 5 in Short Blades
   335 | D        | Reached skill level 10 in Stealth
   335 | D        | Reached XP level 5. HP: 24/24 MP: 8/15
   335 | D        | Reached XP level 6. HP: 28/28 MP: 9/17
   337 | D        | Found a hide-covered altar of Uskayaw.
   337 | D        | Found an iron altar of Okawaru.
   337 | D        | Found a bloodstained altar of Trog.
   337 | D        | Found an ornate altar of the Wu Jian Council.
   337 | D        | Noticed a human
   337 | D        | Noticed a human
   340 | D        | Killed a human
   341 | D        | Reached skill level 11 in Stealth
   341 | D        | Reached XP level 7. HP: 32/32 MP: 11/19
   341 | D        | Killed a human
   342 | D        | Reached skill level 5 in Ice Magic
   343 | D        | Became a worshipper of Uskayaw the Reveller
   348 | D        | Found a basalt altar of Yredelemnul.
   348 | D        | Found a shadowy altar of Dithmenos.
   348 | D        | Found a sacrificial altar of Ru.
   350 | D        | Reached * piety under Uskayaw
   351 | D        | Reached skill level 12 in Stealth
   351 | D        | Reached ** piety under Uskayaw
   409 | D        | Found a radiant altar of Vehumet.
   410 | D        | Found a shimmering blue altar of Sif Muna.
   410 | D        | Found an ancient bone altar of Kikubaaqudgha.
   412 | D        | Reached skill level 10 in Hexes
   449 | D        | Noticed a shadow
   468 | D        | Killed a shadow
   468 | D        | Reached *** piety under Uskayaw
   469 | D        | Reached XP level 8. HP: 36/36 MP: 21/21
   516 | D        | Found a blossoming altar of Fedhas.
   516 | D        | Found a stormy altar of Qazlal.
   516 | D        | Found a snail-covered altar of Cheibriados.
   516 | D        | Found a burning altar of Makhleb.
   516 | D        | Found a shimmering altar of Xom.
   517 | D        | Found a hazy altar of Hepliaklqana.
   517 | D        | Found an opulent altar of Gozag.
   517 | D        | Found a sparkling altar of Nemelex Xobeh.
   517 | D        | Found a corrupted altar of Lugonu.
   517 | D        | Found a viscous altar of Jiyva.
   615 | D        | Reached skill level 1 in Evocations
   662 | D        | Reached skill level 10 in Dodging
   662 | D        | Reached skill level 13 in Stealth
   662 | D        | Reached skill level 1 in Invocations
   744 | D        | Noticed a two-headed ogre
   747 | D        | Killed a two-headed ogre
   796 | D        | Noticed a two-headed ogre
   796 | D        | Noticed Erolcha
   798 | D        | Killed Erolcha
   799 | D        | Reached skill level 10 in Spellcasting
   799 | D        | Reached XP level 9. HP: 39/39 MP: 22/24
   799 | D        | Killed a two-headed ogre
   800 | D        | Reached skill level 14 in Stealth
   800 | D        | Reached skill level 5 in Evocations
   814 | D        | Reached **** piety under Uskayaw
   821 | D        | Noticed a wandering mushroom
   826 | D        | Noticed Frances
   827 | D        | Noticed Donald
   835 | D        | Noticed a sun demon
   838 | D        | Mangled by Donald

Illustrated notes

Levels and vault maps discovered:
D:        dungeon_sprint_mu [sprint_mu_entry_forest, sprint_mu_temple_rooms,
          sprint_mu_d1_spiders, sprint_mu_d2_genie, sprint_mu_d3_branching,
          sprint_mu_orc_legion, sprint_mu_elf_gauntlet, sprint_mu_hive_nellie,
          sprint_mu_lair_fedhas, sprint_mu_vaults_butterflies,
          sprint_mu_slime_circle, sprint_mu_swamp_cave, sprint_mu_shoals_archi,
          sprint_mu_blade_basic, sprint_mu_crypt_lich, sprint_mu_tomb_spiral,
          sprint_mu_vestibule_basic, sprint_mu_gehenna_hellfire,
          sprint_mu_dis_giant, sprint_mu_tartarus_statrot,
          sprint_mu_cocytus_islands, sprint_mu_zot1]

Skill      XL: |  1  2  3  4  5  6  7  8  9 |
---------------+----------------------------+-----
Hexes          | 4 6 8 9 10 11 | 11.6
Stealth        | 5 8 10 11 12 13 14 | 14.3
Spellcasting   | 3 4 7 8 10 | 10.5
Dodging        | 3 4 7 8 9 10 11 | 11.3
Short Blades   | 2 5 6 7 8 9 |  9.2
Ice Magic      | 1 4 5 6 7 |  7.0
Evocations     | 4 5 |  5.5
Invocations    | 3 4 |  4.3

Action                   |  1- 3 |  4- 6 |  7- 9 || total
-------------------------+-------+-------+-------++-------
Melee: Dagger            |    32 |     2 |    46 ||    80
 Cast: Ensorcelled Hiber |       |       |    15 ||    15
  Use: Potion            |     2 |       |     3 ||     5
 Stab: Sleeping          |     3 |     2 |    14 ||    19
       Invisible         |     2 |       |       ||     2
       Paralysed         |       |       |     1 ||     1
Dodge: Dodged            |    15 |       |    18 ||    33

Table legend: (Time is in decaauts)
 A = Elapsed time spent in this place.
 B = Non-inter-level travel time spent in this place.
 C = Inter-level travel time spent in this place.
 D = Time resting spent in this place.
 E = Time spent auto-exploring this place.
 F = Levels seen in this place.
 G = Mean time per level.
                   A        B        C        D        E       F      G
               +--------+--------+--------+--------+--------+-----+--------+
         Total |    709 |    709 |      0 |    424 |      0 |   1 |  709.0 |
       Dungeon |    709 |    709 |      0 |    424 |      0 |   1 |  709.0 |
               +--------+--------+--------+--------+--------+-----+--------+

Top non-repeatable levels by time:
       D: 709 daAuts
